TOP OF THE 1ST |
Tri-City Dust Devils batting - Pitching for State College Spikes : RHP Danny Cook
|
Pitching: RHP Danny Cook
|
|
Batting: RHB Jaden Scott
|
0-0: Ball 1-0: Swinging Strike 1-1: Ball 2-1: Ball 3-1: Swinging Strike 3-2: Ground out 6-3 (Groundball, P, EV 80.0 MPH)
|
Batting: LHB Roger Duque
|
0-0: Ball 1-0: Foul Ball, location: 2F 1-1: Foul Ball, location: 2F 1-2: Fly out, F9 (Flyball, 89M, EV 89.4 MPH)
|
Batting: RHB Mike Maserang
|
0-0: Called Strike 0-1: Foul Ball, location: 2F 0-2: Ball 1-2: Foul Ball, location: 2F 1-2: Ball 2-2: SINGLE (Groundball, 4M, EV 103.8 MPH) (infield hit)
|
Batting: RHB Nate Burkhalter
|
0-0: Called Strike 0-1: Swinging Strike 0-2: Ball 1-2: Foul Ball, location: 2F 1-2: Ball 2-2: Foul Ball, location: 2F 2-2: Strikes out swinging
|
Top of the 1st over - 0 runs, 1 hit, 0 errors, 1 left on base; Tri-City 0 - State College 0 |
BOTTOM OF THE 1ST |
State College Spikes batting - Pitching for Tri-City Dust Devils : RHP Tyler Jack
|
Pitching: RHP Tyler Jack
|
|
Batting: RHB Fortunato Fteira
|
0-0: Ball 1-0: Called Strike 1-1: Called Strike 1-2: Foul Ball, location: 2F 1-2: Ball 2-2: Ball 3-2: SINGLE (Groundball, 56, EV 98.1 MPH) (infield hit)
|
Batting: RHB Tim Cleary
|
0-0: Called Strike Fortunato Fteira steals 2nd base 0-1: Reached on error, E4 (Groundball, 4, EV 92.5 MPH) Fortunato Fteira scores
|
Batting: RHB Tyler Walker
|
0-0: Called Strike Tim Cleary steals 3rd base 0-1: Ball 1-1: Ball 2-1: Ground out 5-3 (Groundball, 56, EV 103.8 MPH) Tim Cleary scores
|
Batting: RHB Jose Jimenez
|
0-0: Ball 1-0: Swinging Strike 1-1: Ball 2-1: Foul Ball, location: 2F 2-2: Strikes out swinging
|
Batting: RHB Mike Zimmerly
|
0-0: Ground out 1-3 (Groundball, 15S, EV 66.9 MPH)
|
Bottom of the 1st over - 2 runs, 1 hit, 1 error, 0 left on base; Tri-City 0 - State College 2 |
TOP OF THE 2ND |
Tri-City Dust Devils batting - Pitching for State College Spikes : RHP Danny Cook
|
Batting: LHB Mike Schermerhorn
|
0-0: Foul Ball, location: 2F 0-1: Called Strike 0-2: Strikes out swinging, 2-3 out at first.
|
Batting: LHB Bill Fortin
|
0-0: Ball 1-0: Called Strike 1-1: Ball 2-1: Ball 3-1: Swinging Strike 3-2: Base on Balls
|
Batting: SHB Alex Orozco
|
0-0: Ball 1-0: Called Strike 1-1: Called Strike 1-2: Ball 2-2: Foul Ball, location: 2F 2-2: Ball 3-2: Strikes out swinging
|
Batting: RHB Brent Little
|
0-0: Called Strike 0-1: Ball 1-1: Ball Wild Pitch! Bill Fortin to second 2-1: Ball 3-1: Called Strike 3-2: Foul Ball, location: 2F 3-2: Foul Ball, location: 2F 3-2: Ground out 4-3 (Groundball, 4, EV 106.2 MPH)
|
Top of the 2nd over - 0 runs, 0 hits, 0 errors, 1 left on base; Tri-City 0 - State College 2 |
BOTTOM OF THE 2ND |
State College Spikes batting - Pitching for Tri-City Dust Devils : RHP Tyler Jack
|
Batting: RHB Vic Nelson
|
0-0: Ball 1-0: Ball 2-0: Foul Ball, location: 2F 2-1: Foul Ball, location: 2F 2-2: Ball 3-2: Strikes out looking
|
Batting: RHB Richard Riggs
|
0-0: Ball 1-0: Swinging Strike 1-1: Ball 2-1: Fly out, F7 (Flyball, 7LM, EV 83.8 MPH)
|
Batting: SHB Hank Arias
|
0-0: Called Strike 0-1: Ball 1-1: Ground out 6-3 (Groundball, 6, EV 92.5 MPH)
|
Bottom of the 2nd over - 0 runs, 0 hits, 0 errors, 0 left on base; Tri-City 0 - State College 2 |
TOP OF THE 3RD |
Tri-City Dust Devils batting - Pitching for State College Spikes : RHP Danny Cook
|
Batting: RHB Tyler West
|
0-0: Swinging Strike 0-1: Called Strike 0-2: Ground out 6-3 (Groundball, 6, EV 103.8 MPH)
|
Batting: RHB Jaden Scott
|
0-0: Hit by Pitch
|
Batting: LHB Roger Duque
|
0-0: Ball 1-0: Called Strike 1-1: Ball Jaden Scott is caught stealing 2nd base 2-6 2-1: Foul Ball, location: 2F 2-2: Foul Ball, location: 2F 2-2: Foul Ball, location: 2F 2-2: Ground out 3-1 (Groundball, 34, EV 91.9 MPH)
|
Top of the 3rd over - 0 runs, 0 hits, 0 errors, 0 left on base; Tri-City 0 - State College 2 |
BOTTOM OF THE 3RD |
State College Spikes batting - Pitching for Tri-City Dust Devils : RHP Tyler Jack
|
Batting: RHB Bernard Claude
|
0-0: Foul Ball, location: 2F 0-1: Foul Ball, location: 2F 0-2: Strikes out looking
|
Batting: RHB Fortunato Fteira
|
0-0: Called Strike 0-1: Called Strike 0-2: Strikes out swinging
|
Batting: RHB Tim Cleary
|
0-0: Called Strike 0-1: Called Strike 0-2: Ball 1-2: Ball 2-2: Strikes out swinging
|
Bottom of the 3rd over - 0 runs, 0 hits, 0 errors, 0 left on base; Tri-City 0 - State College 2 |
TOP OF THE 4TH |
Tri-City Dust Devils batting - Pitching for State College Spikes : RHP Danny Cook
|
Batting: RHB Mike Maserang
|
0-0: Ball 1-0: Called Strike 1-1: Ball 2-1: Foul Ball, location: 2F 2-2: Ball 3-2: Base on Balls
|
Batting: RHB Nate Burkhalter
|
0-0: Ball Wild Pitch! Mike Maserang to second 1-0: Foul Ball, location: 2F 1-1: Swinging Strike 1-2: Foul Ball, location: 2F 1-2: Ball 2-2: Strikes out looking
|
Batting: LHB Mike Schermerhorn
|
0-0: Ball 1-0: Ball 2-0: Foul Ball, location: 2F 2-1: Ball 3-1: Swinging Strike 3-2: Strikes out swinging
|
Batting: LHB Bill Fortin
|
0-0: Ball 1-0: Ball 2-0: Ball 3-0: Foul Ball, location: 2F 3-1: Base on Balls
|
Batting: SHB Alex Orozco
|
0-0: Ball 1-0: Called Strike 1-1: Foul Ball, location: 2F 1-2: Ground out 1-3 (Groundball, 34S, EV 71.9 MPH)
|
Top of the 4th over - 0 runs, 0 hits, 0 errors, 2 left on base; Tri-City 0 - State College 2 |
BOTTOM OF THE 4TH |
State College Spikes batting - Pitching for Tri-City Dust Devils : RHP Tyler Jack
|
Batting: RHB Tyler Walker
|
0-0: Called Strike 0-1: Ball 1-1: Ball 2-1: Swinging Strike 2-2: Fly out, F8 (Line Drive, 8LD, EV 98.8 MPH)
|
Batting: RHB Jose Jimenez
|
0-0: Swinging Strike 0-1: Swinging Strike 0-2: Ball 1-2: Strikes out looking
|
Batting: RHB Mike Zimmerly
|
0-0: Called Strike 0-1: Ball 1-1: Called Strike 1-2: Foul Ball, location: 2F 1-2: SINGLE (Line Drive, 7S, EV 103.1 MPH)
|
Batting: RHB Vic Nelson
|
0-0: Ball Mike Zimmerly is caught stealing 2nd base 2-4
|
Bottom of the 4th over - 0 runs, 1 hit, 0 errors, 0 left on base; Tri-City 0 - State College 2 |
TOP OF THE 5TH |
Tri-City Dust Devils batting - Pitching for State College Spikes : RHP Danny Cook
|
Batting: RHB Brent Little
|
0-0: Ball 1-0: Ground out 6-3 (Groundball, 6M, EV 91.9 MPH)
|
Batting: RHB Tyler West
|
0-0: Ball 1-0: SINGLE (Groundball, 6MD, EV 109.4 MPH)
|
Batting: RHB Jaden Scott
|
0-0: Called Strike 0-1: Ball 1-1: Ball 2-1: SINGLE (Groundball, 56D, EV 103.1 MPH) (infield hit) Tyler West to second
|
Batting: LHB Roger Duque
|
0-0: Ball 1-0: Ball 2-0: Ball 3-0: Called Strike 3-1: SINGLE (Groundball, 5D, EV 107.5 MPH) Tyler West to third Jaden Scott to second Runner from 3rd tries for Home, SAFE, throw by LF to home
|
Batting: RHB Mike Maserang
|
0-0: Ball 1-0: Called Strike 1-1: Grounds into double play, 5-4-3 (Groundball, 56, EV 109.4 MPH)
|
Top of the 5th over - 1 run, 3 hits, 0 errors, 1 left on base; Tri-City 1 - State College 2 |
BOTTOM OF THE 5TH |
State College Spikes batting - Pitching for Tri-City Dust Devils : RHP Tyler Jack
|
Batting: RHB Vic Nelson
|
0-0: SINGLE (Line Drive, 78M, EV 103.1 MPH)
|
Batting: RHB Richard Riggs
|
0-0: Called Strike 0-1: SINGLE (Groundball, 3D, EV 102.5 MPH) Vic Nelson to second Runner from 2nd tries for 3rd, SAFE, throw by RF made to third Richard Riggs to second
|
Batting: SHB Hank Arias
|
0-0: Ball 1-0: Called Strike 1-1: Swinging Strike 1-2: Strikes out swinging
|
Batting: RHB Bernard Claude
|
0-0: Called Strike 0-1: Ball 1-1: SINGLE (Line Drive, 8LM, EV 105.0 MPH) Vic Nelson scores Richard Riggs to third
|
Batting: RHB Fortunato Fteira
|
0-0: Ball 1-0: Ball Bernard Claude steals 2nd base 2-0: Swinging Strike 2-1: Called Strike 2-2: Ball 3-2: Foul Ball, location: 2F 3-2: SINGLE (Flyball, 34D, EV 93.1 MPH) Richard Riggs scores Bernard Claude to third
|
Batting: RHB Tim Cleary
|
0-0: Called Strike 0-1: Foul Ball, location: 2F 0-2: Foul Ball, location: 2F 0-2: Foul Ball, location: 2F 0-2: Foul Ball, location: 2F 0-2: Grounds into double play, 4-6-3 (Groundball, 4, EV 97.5 MPH)
|
Bottom of the 5th over - 2 runs, 4 hits, 0 errors, 1 left on base; Tri-City 1 - State College 4 |
TOP OF THE 6TH |
Tri-City Dust Devils batting - Pitching for State College Spikes : RHP Danny Cook
|
Batting: RHB Nate Burkhalter
|
0-0: Called Strike 0-1: Ball 1-1: Foul Ball, location: 2F 1-2: Fly out, F7 (Flyball, 78M, EV 90.0 MPH)
|
Batting: LHB Mike Schermerhorn
|
0-0: Called Strike 0-1: Ball 1-1: Ground out 4-3 (Groundball, 4, EV 80.0 MPH)
|
Batting: LHB Bill Fortin
|
0-0: Ball 1-0: Ball 2-0: Called Strike 2-1: Ground out U3 (Groundball, 34, EV 85.6 MPH)
|
Top of the 6th over - 0 runs, 0 hits, 0 errors, 0 left on base; Tri-City 1 - State College 4 |
BOTTOM OF THE 6TH |
State College Spikes batting - Pitching for Tri-City Dust Devils : RHP Tyler Jack
|
Batting: RHB Tyler Walker
|
0-0: Called Strike 0-1: Foul Ball, location: 2F 0-2: Ball 1-2: Ball 2-2: Ball 3-2: Strikes out swinging
|
Batting: RHB Jose Jimenez
|
0-0: Foul Ball, location: 2F 0-1: Ball 1-1: Ball 2-1: Fly out, F3 (Popup, 3, EV 72.5 MPH)
|
Batting: RHB Mike Zimmerly
|
0-0: Fly out, F4 (Popup, 4S, EV 85.0 MPH)
|
Bottom of the 6th over - 0 runs, 0 hits, 0 errors, 0 left on base; Tri-City 1 - State College 4 |
TOP OF THE 7TH |
Tri-City Dust Devils batting - Pitching for State College Spikes : RHP Danny Cook
|
Pitching: RHP Ed Puentes
|
|
Batting: SHB Alex Orozco
|
0-0: Ball 1-0: Called Strike 1-1: Ball 2-1: Called Strike 2-2: Ball 3-2: Base on Balls
|
Pinch Hitting: SHB Yutaro Takahashi
|
0-0: Ball 1-0: Sac Bunt to P - play at first, batter OUT! 1-3 Alex Orozco to second
|
Batting: RHB Tyler West
|
0-0: Called Strike 0-1: Foul Ball, location: 2F 0-2: Ground out 6-3 (Groundball, 6, EV 80.0 MPH)
|
Batting: RHB Jaden Scott
|
0-0: Ball 1-0: Ground out U3 (Groundball, 13, EV 85.0 MPH)
|
Top of the 7th over - 0 runs, 0 hits, 0 errors, 1 left on base; Tri-City 1 - State College 4 |
BOTTOM OF THE 7TH |
State College Spikes batting - Pitching for Tri-City Dust Devils : RHP Tyler Jack
|
Now at SS: Jaden Scott
|
|
Now in CF: Yutaro Takahashi
|
|
Batting: RHB Vic Nelson
|
0-0: Ground out 6-3 (Groundball, 6, EV 99.4 MPH)
|
Batting: RHB Richard Riggs
|
0-0: Called Strike 0-1: Ball 1-1: SINGLE (Line Drive, 89M, EV 113.8 MPH)
|
Batting: SHB Hank Arias
|
0-0: Called Strike 0-1: Foul Ball, location: 2F 0-2: Ball 1-2: Ball 2-2: Ball Richard Riggs is caught stealing 2nd base 2-6 3-2: Ground out U3 (Groundball, 34, EV 85.0 MPH)
|
Bottom of the 7th over - 0 runs, 1 hit, 0 errors, 0 left on base; Tri-City 1 - State College 4 |
TOP OF THE 8TH |
Tri-City Dust Devils batting - Pitching for State College Spikes : RHP Ed Puentes
|
Pitching: LHP Carlos Salcido
|
|
Batting: LHB Roger Duque
|
0-0: Ball 1-0: Called Strike 1-1: Called Strike 1-2: Foul Ball, location: 2F 1-2: Ball 2-2: Fly out, F9 (Flyball, 9S, EV 91.9 MPH)
|
Batting: RHB Mike Maserang
|
0-0: Hit by Pitch
|
Batting: RHB Nate Burkhalter
|
0-0: Called Strike 0-1: Ball 1-1: Ball 2-1: Foul Ball, location: 2F 2-2: Hit by Pitch Mike Maserang to second
|
Pinch Hitting: LHB Sammy Roddenberry
|
0-0: Ball 1-0: Swinging Strike 1-1: Swinging Strike 1-2: Ball 2-2: Strikes out looking
|
Batting: RHB Rich Justice
|
0-0: Called Strike 0-1: Called Strike 0-2: Foul Ball, location: 2F 0-2: SINGLE (Groundball, 34S, EV 67.5 MPH) (infield hit) Mike Maserang to third Nate Burkhalter to second
|
Batting: SHB Alex Orozco
|
0-0: Called Strike 0-1: Ball 1-1: Ball 2-1: Called Strike 2-2: Strikes out looking
|
Top of the 8th over - 0 runs, 1 hit, 0 errors, 3 left on base; Tri-City 1 - State College 4 |
BOTTOM OF THE 8TH |
State College Spikes batting - Pitching for Tri-City Dust Devils : RHP Tyler Jack
|
Pitching: RHP Nick Jamison
|
|
Now in CF: Sammy Roddenberry
|
|
Now in RF: Yutaro Takahashi
|
|
Batting: RHB Bernard Claude
|
0-0: Foul Ball, location: 2F 0-1: Ball 1-1: SINGLE (Groundball, 6MD, EV 109.4 MPH)
|
Batting: RHB Fortunato Fteira
|
0-0: Called Strike 0-1: Ball Wild Pitch! Bernard Claude to second 1-1: Foul Ball, location: 2F 1-2: Strikes out looking
|
Batting: RHB Tim Cleary
|
0-0: Called Strike 0-1: Fly out, F8 (Line Drive, 8LM, EV 86.9 MPH)
|
Batting: RHB Tyler Walker
|
0-0: Ball 1-0: Ball 2-0: Ball 3-0: Base on Balls
|
Batting: RHB Jose Jimenez
|
0-0: Ball 1-0: Fly out, F8 (Flyball, 8RM, EV 89.4 MPH)
|
Bottom of the 8th over - 0 runs, 1 hit, 0 errors, 2 left on base; Tri-City 1 - State College 4 |
TOP OF THE 9TH |
Tri-City Dust Devils batting - Pitching for State College Spikes : LHP Carlos Salcido
|
Pitching: RHP Joe Cornell
|
|
Batting: SHB Yutaro Takahashi
|
0-0: Ball 1-0: Foul Ball, location: 2F 1-1: Swinging Strike 1-2: Ball 2-2: Ball 3-2: DOUBLE (Line Drive, 9LM, EV 111.2 MPH)
|
Pinch Hitting: LHB Ramon Vega
|
0-0: Ball 1-0: Called Strike 1-1: Reached on error, E4 (Groundball, 34, EV 99.4 MPH) Yutaro Takahashi to third
|
Batting: RHB Jaden Scott
|
0-0: Ball 1-0: DOUBLE (Line Drive, 8RD, EV 95.0 MPH) Yutaro Takahashi scores Ramon Vega to third
|
Batting: LHB Roger Duque
|
0-0: Called Strike 0-1: Swinging Strike 0-2: Foul Ball, location: 2F 0-2: Ball 1-2: Strikes out looking
|
Batting: RHB Mike Maserang
|
0-0: Called Strike 0-1: Called Strike 0-2: Foul Ball, location: 2F 0-2: DOUBLE (Line Drive, 9LS, EV 90.0 MPH) Ramon Vega scores Jaden Scott scores
|
Batting: RHB Nate Burkhalter
|
0-0: Ball 1-0: Called Strike 1-1: Ball 2-1: Foul Ball, location: 2F 2-2: Foul Ball, location: 2F 2-2: Foul Ball, location: 2F 2-2: Ball Wild Pitch! Mike Maserang to third 3-2: Strikes out swinging
|
Batting: LHB Sammy Roddenberry
|
0-0: Intentional Walk
|
Batting: RHB Rich Justice
|
0-0: Called Strike 0-1: Fly out, F8 (Line Drive, 8LM, EV 91.9 MPH)
|
Top of the 9th over - 3 runs, 3 hits, 1 error, 2 left on base; Tri-City 4 - State College 4 |
BOTTOM OF THE 9TH |
State College Spikes batting - Pitching for Tri-City Dust Devils : RHP Nick Jamison
|
Pitching: RHP Angelo Radford
|
|
Now at 2B: Jaden Scott
|
|
Now at SS: Kalidas Mishra
|
|
Batting: RHB Mike Zimmerly
|
0-0: Called Strike 0-1: Foul Ball, location: 2F 0-2: Ground out 6-3 (Groundball, 6, EV 88.8 MPH)
|
Batting: RHB Vic Nelson
|
0-0: Foul Ball, location: 2F 0-1: Ball 1-1: Swinging Strike 1-2: Ball 2-2: Ball 3-2: Strikes out swinging
|
Batting: RHB Richard Riggs
|
0-0: Called Strike 0-1: Called Strike 0-2: Ball 1-2: Ground out 4-3 (Groundball, 4, EV 83.8 MPH)
|
Bottom of the 9th over - 0 runs, 0 hits, 0 errors, 0 left on base; Tri-City 4 - State College 4 |
TOP OF THE 10TH |
Tri-City Dust Devils batting - Pitching for State College Spikes : RHP Joe Cornell
|
Batting: SHB Alex Orozco
|
0-0: Ground out 4-3 (Groundball, 4, EV 78.8 MPH)
|
Batting: SHB Yutaro Takahashi
|
0-0: Called Strike 0-1: Called Strike 0-2: Ground out U3 (Groundball, 34, EV 91.9 MPH)
|
Batting: RHB Kalidas Mishra
|
0-0: Ball 1-0: Foul Ball, location: 2F 1-1: Ball 2-1: Swinging Strike 2-2: Strikes out swinging
|
Top of the 10th over - 0 runs, 0 hits, 0 errors, 0 left on base; Tri-City 4 - State College 4 |
BOTTOM OF THE 10TH |
State College Spikes batting - Pitching for Tri-City Dust Devils : RHP Angelo Radford
|
Batting: SHB Hank Arias
|
0-0: Called Strike 0-1: Ground out 5-3 (Groundball, 5, EV 106.9 MPH)
|
Batting: RHB Bernard Claude
|
0-0: Called Strike 0-1: Foul Ball, location: 2F 0-2: Ball 1-2: Foul Ball, location: 2F 1-2: Ball 2-2: Foul Ball, location: 2F 2-2: Strikes out swinging
|
Batting: RHB Fortunato Fteira
|
0-0: Ball 1-0: Ball 2-0: Foul Ball, location: 2F 2-1: Ball 3-1: Base on Balls
|
Pitching: RHP Ching Ge
|
|
Batting: RHB Tim Cleary
|
0-0: Called Strike Fortunato Fteira steals 2nd base (no throw) 0-1: Fly out, F9 (Flyball, 89D, EV 92.5 MPH)
|
Bottom of the 10th over - 0 runs, 0 hits, 0 errors, 1 left on base; Tri-City 4 - State College 4 |
TOP OF THE 11TH |
Tri-City Dust Devils batting - Pitching for State College Spikes : RHP Joe Cornell
|
Pitching: LHP Kevin Turner
|
|
Batting: RHB Jaden Scott
|
0-0: Ball 1-0: Called Strike 1-1: Called Strike 1-2: Strikes out swinging
|
Batting: LHB Roger Duque
|
0-0: Ball 1-0: Swinging Strike 1-1: Fly out, F8 (Flyball, 78D, EV 96.2 MPH)
|
Batting: RHB Mike Maserang
|
0-0: Ground out 6-3 (Groundball, P, EV 90.6 MPH)
|
Top of the 11th over - 0 runs, 0 hits, 0 errors, 0 left on base; Tri-City 4 - State College 4 |
BOTTOM OF THE 11TH |
State College Spikes batting - Pitching for Tri-City Dust Devils : RHP Ching Ge
|
Batting: RHB Tyler Walker
|
0-0: Ball 1-0: Ball 2-0: Ball 3-0: Called Strike 3-1: Foul Ball, location: 2F 3-2: Foul Ball, location: 2F 3-2: Foul Ball, location: 2F 3-2: Foul Ball, location: 2F 3-2: Base on Balls
|
Batting: RHB Jose Jimenez
|
0-0: Foul Ball, location: 2F 0-1: Called Strike Tyler Walker steals 2nd base 0-2: Strikes out swinging
|
Batting: RHB Mike Zimmerly
|
0-0: Ball 1-0: Called Strike 1-1: Called Strike 1-2: Foul Ball, location: 2F 1-2: Foul Ball, location: 2F 1-2: Ball 2-2: Foul Ball, location: 2F 2-2: Ground out 5-3 (Groundball, 5S, EV 65.6 MPH) Tyler Walker to third
|
Pitching: RHP Daisuke Tashima
|
|
Batting: RHB Vic Nelson
|
0-0: Called Strike Balk! Tyler Walker scores
|
Bottom of the 11th over - 1 run, 0 hits, 0 errors, 0 left on base; Tri-City 4 - State College 5 |
GAME OVER ... STATE COLLEGE DEFEATS TRI |
City, 5 to 4
|
|
|